 Dungeon Crawl Stone Soup version 0.27.0-1-g7a08968 (webtiles) character file.

Game seed: 16183801999698210704

16704 Syrenshards the Destroyer (level 12, 66/83 HPs)
             Began as a Demonspawn Fire Elementalist on Sept 4, 2021.
             Was a High Priest of Fedhas.
             Quit the game on level 2 of the Lair of Beasts on Sept 23, 2021.
             The game lasted 01:19:37 (16156 turns).

Syrenshards the Destroyer (DsFE)                   Turns: 16156, Time: 01:19:38

Health: 66/83      AC:  9    Str: 12    XL:     12   Next: 12%
Magic:  26/26      EV: 16    Int: 19    God:    Fedhas [*****.]
Gold:   802        SH:  6    Dex: 19    Spells: 21/32 levels left

rFire    . . .     SeeInvis .   v - +3 dagger (venom)
rCold    . . .     Faith    .   q - +0 buckler
rNeg     . . .     Spirit   +   G - +0 steam dragon scales
rPois    .         Reflect  .   n - +0 helmet
rElec    .         Harm     .   U - +2 cloak
rCorr    .         Rampage  .   (no gloves)
Will     .....                  (no boots)
Stlth    ++++......             (no amulet)
HPRegen  0.23/turn              M - +4 ring of evasion
MPRegen  0.40/turn              O - +6 ring of dexterity

@: no status effects
A: talons 2, magic shield, magic regeneration, sanguine armour 1, demonic magic
2
a: Renounce Religion, Wall of Briars, Grow Ballistomycete, Overgrow, Grow Oklob


You were on level 2 of the Lair of Beasts.
You worshipped Fedhas.
Fedhas was extremely pleased with you.
You visited 2 branches of the dungeon, and saw 14 of its levels.

You collected 802 gold pieces.

Inventory:

Hand Weapons
 h - a +0 dagger
 i - a +3 dagger
 v - a +3 dagger of venom (weapon)
Missiles
 B - 3 throwing nets
Armour
 a - a +1 robe
 m - a +0 leather armour
 n - a +0 helmet (worn)
 q - a +0 buckler (worn)
 w - a +0 cloak
 G - +0 steam dragon scales (worn)
 U - a +2 cloak (worn)
Jewellery
 D - an amulet of faith
 E - an amulet of guardian spirit
 M - a +4 ring of evasion (left hand)
 O - a +6 ring of dexterity (right hand)
Wands
 C - a wand of acid (17)
 K - a wand of paralysis (8)
 R - a wand of digging (5)
 W - a wand of mindburst (17)
Scrolls
 b - 3 scrolls of noise
 d - 3 scrolls of identify
 f - 6 scrolls of enchant armour
 k - a scroll of summoning
 p - 2 scrolls of immolation
 t - a scroll of teleportation
 x - a scroll of magic mapping {unknown}
 y - 2 scrolls of amnesia {unknown}
 A - a scroll of fear
 F - a scroll of holy word {unknown}
 H - 2 scrolls of fog {unknown}
 J - a scroll of vulnerability {unknown}
 N - a scroll of torment {unknown}
 T - 2 scrolls of blinking {unknown}
Potions
 c - 2 potions of attraction
 e - 5 potions of curing
 g - 3 potions of brilliance {unknown}
 j - 3 potions of magic {unknown}
 l - 4 potions of haste
 o - 3 potions of lignification
 r - a potion of berserk rage
 s - 3 potions of flight
 u - 2 potions of heal wounds {unknown}
 z - a potion of mutation {unknown}
 I - 2 potions of cancellation
 L - 2 potions of degeneration {unknown}
 P - a potion of invisibility {unknown}
 S - a potion of ambrosia {unknown}
Miscellaneous
 Q - a condenser vane
 V - a box of beasts


   Skills:
 - Level 4.0 Fighting
 - Level 2.0 Armour
 - Level 2.0 Dodging
 - Level 7.0 Stealth
 - Level 4.0 Shields
 - Level 2.0 Unarmed Combat
 + Level 10.6 Spellcasting
 + Level 10.7 Conjurations
 - Level 3.0 Translocations
 - Level 6.0 Fire Magic
 - Level 5.0 Invocations


You had 21 spell levels left.
You knew the following spells:

 Your Spells              Type           Power      Damage    Failure   Level
a - Foxfire               Conj/Fire      100%       2x1d9     1%          1
b - Conjure Flame         Conj/Fire      41%        6-21      1%          3
c - Blink                 Tloc           N/A        N/A       3%          2
d - Apportation           Tloc           42%        N/A       1%          1
e - Sticky Flame          Conj/Fire      41%        2d6       2%          4

Your spell library contained the following spells:

 Spells                   Type           Power      Damage    Failure   Level
 Dazzling Flash           Conj/Hex       60%        N/A       2%          3
 Stone Arrow              Conj/Erth      60%        3d10      2%          3
 Iskenderun's Mystic Bla  Conj/Tloc      36%        2d9       4%          4
 Inner Flame              Hex/Fire       21%        N/A       6%          3
 Fireball                 Conj/Fire      20%        3d10      6%          5
 Animate Skeleton         Necr           20%        N/A       7%          1
 Pain                     Necr           40%        1d6       7%          1
 Ignite Poison            Fire/Tmut/Pois 17%        N/A       10%         3
 Sublimation of Blood     Necr           5%         N/A       11%         2
 Wereblood                Tmut           10%        N/A       11%         2
 Vampiric Draining        Necr           5%         2d6       22%         3
 Starburst                Conj/Fire      20%        8x6d7     34%         6
 Manifold Assault         Tloc           21%        N/A       50%         5
 Animate Armour           Summ/Erth      20%        N/A       56%         4
 Alistair's Intoxication  Tmut/Pois      6%         N/A       89%         5
 Invisibility             Hex            5%         N/A       100%        6
 Storm Form               Tmut/Air       5%         N/A       100%        7
 Summon Hydra             Summ           5%         N/A       100%        7
 Lehudib's Crystal Spear  Conj/Erth      15%        10d5      100%        8


Dungeon Overview and Level Annotations

Branches:
Dungeon (11/15)            Temple (0/1) D:7            Lair (3/6) D:11
 Shoals (0/4) Lair:3        Snake (0/4) Lair:2
    Orc: D:9-12

Altars:
Elyvilon
Fedhas
Zin

Shops:
D:1 [   D:5 *   D:7 ?=   D:10 ?


Innate Abilities, Weirdness & Mutations

You have razor-sharp toenails.
When hurt, damage is shared between your health and your magic reserves.
You regenerate magic rapidly.
When seriously injured, your bleeding wounds create armour. (AC +0)
Spells you cast may paralyse nearby enemies.


Message History

The helpless bullfrog fails to defend itself.
You impale the bullfrog!!
You kill the bullfrog!
Fedhas appreciates your contribution to the ecosystem.
The foxfire hits the rime drake but does no damage.
The rime drake is moderately wounded.
The rime drake is no longer paralysed.
The rime drake bites you.
You hit the rime drake.
The rime drake is poisoned.
You claw the rime drake.
The rime drake is heavily wounded.
The rime drake closely misses you.
Casting: Foxfire (safe; 1% risk of failure)
Confirm with . or Enter, or press ? or * to list all spells.
You conjure some foxfire!
Malevolent energies surge around you.
The rime drake suddenly stops moving!
Unknown command.
The helpless rime drake fails to defend itself.
You impale the rime drake!!
You kill the rime drake!
Fedhas appreciates your contribution to the ecosystem.
Your foxfire dissipates!
There is an open door here.
You enter the shallow water.
Moving in this stuff is going to be slow.
There is a stone staircase leading up here.
You now have 802 gold pieces (gained 26).
There is a stone staircase leading up here.
You climb upwards.
There is a stone staircase leading down here.
Unknown command.
Unknown command.
Unknown command.
Save game and exit?
Welcome back, Syrenshards the Demonspawn Fire Elementalist.
Fedhas says: Spread life and death.
Press ? for a list of commands and other information.
Unknown command.
Unknown command.
Unknown command.
Okay, then.
Are you sure you want to abandon this character and quit the game? (Confirm with "yes".)

#.###...# ........##
........P# ........## ###
P##.....P####.#
###P#..P......# #
###..#......####
#........#...##
###.#.......@P######
####P......##....#
#............##
#######[#.....######
##.....))#.........P###
##...#.#..#.....)......#
##.........#.P.........##
##...#.#.#(.#.#....##(...#
##...........##....<###..##


There were no monsters in sight!

Vanquished Creatures
  Harold (D:7)
  2 two-headed ogres
  A manticore (D:11)
  A black mamba (Lair:1)
  A cane toad (Lair:2)
  A gargoyle (D:10)
  Psyche (D:9)
  An unseen horror (D:10)
  A rime drake (Lair:3)
  4 komodo dragons
  5 blink frogs (Lair:2)
  A hornet (D:9)
  Sigmund (D:2)
  2 wyverns (Lair:1)
  2 wraiths (D:11)
  22 yaks
  2 steam dragons
  6 nagas (Lair:2)
  8 water moccasins
  2 orc warriors
  3 black bears
  2 necrophages
  2 sky beasts
  2 centaurs
  A phantom (D:5)
  11 bullfrogs
  A gnoll sergeant (D:10)
  5 scorpions
  A water moccasin zombie (D:6)
  11 killer bees
  5 howler monkeys
  4 centaur zombies
  A bullfrog zombie (D:7)
  A centaur skeleton (D:7)
  5 orc priests
  2 hounds
  A jelly (D:4)
  A bullfrog skeleton (D:7)
  2 gnoll shamans
  3 iguanas
  4 orc wizards
  A killer bee zombie (D:4)
  A hound zombie (D:5)
  A hound skeleton (D:5)
  2 howler monkey zombies
  Robin (D:3)
  9 adders
  11 gnolls
  2 white imps
  2 ufetubi
  An adder skeleton (D:4)
  7 worms
  3 dart slugs (D:3)
  28 orcs
  7 ball pythons
  6 endoplasms
  4 giant cockroaches (D:1)
  15 goblins
  15 hobgoblins
  7 kobolds
  4 quokkas
  4 bats
  8 frilled lizards
  5 rats
277 creatures vanquished.

Vanquished Creatures (collateral kills)
  A two-headed ogre (D:11)
  A manticore (D:11)
  A troll (D:11)
  2 foxfires (Lair:2)
5 creatures vanquished.

Vanquished Creatures (others)
  975 foxfires
  65 fungi
  62 plants
1102 creatures vanquished.

Grand Total: 1384 creatures vanquished

Notes
Turn   | Place    | Note
-------+----------+-------------------------------------------
     0 | D:1      | Syrenshards the Demonspawn Fire Elementalist began the
                  | quest for the Orb.
     0 | D:1      | Reached XP level 1. HP: 13/13 MP: 3/3
    18 | D:1      | Found a faded altar of an unknown god.
    32 | D:1      | Became a worshipper of Fedhas Madash
    32 | D:1      | Reached * piety under Fedhas
   195 | D:1      | Gained mutation: Spells you cast may paralyse adjacent
                  | enemies. [demonic ancestry]
   195 | D:1      | Reached XP level 2. HP: 15/19 MP: 0/5
   822 | D:1      | Found Matrylui's Antique Armour Boutique.
   848 | D:1      | Reached ** piety under Fedhas
   849 | D:1      | Reached XP level 3. HP: 24/24 MP: 2/6
  1401 | D:2      | Gained mutation: Spells you cast may paralyse nearby
                  | enemies. [demonic ancestry]
  1401 | D:2      | Reached XP level 4. HP: 30/30 MP: 0/7
  1655 | D:2      | Noticed Sigmund
  1887 | D:2      | Killed Sigmund
  1888 | D:2      | Reached skill level 1 in Fighting
  1888 | D:2      | Gained mutation: You have sharp toenails. [demonic
                  | ancestry]
  1888 | D:2      | Reached XP level 5. HP: 23/37 MP: 7/10
  2038 | D:2      | Learned a level 3 spell: Conjure Flame
  2040 | D:3      | Noticed Robin
  2236 | D:3      | Reached *** piety under Fedhas
  2237 | D:3      | Gained mutation: When seriously injured, your bleeding
                  | wounds create armour. (AC +0) [demonic ancestry]
  2237 | D:3      | Reached XP level 6. HP: 43/43 MP: 8/11
  2728 | D:3      | Killed Robin
  2984 | D:3      | Reached **** piety under Fedhas
  3417 | D:4      | Reached skill level 5 in Fire Magic
  3417 | D:4      | Reached skill level 1 in Invocations
  3436 | D:4      | Gained mutation: You have razor-sharp toenails. [demonic
                  | ancestry]
  3436 | D:4      | Reached XP level 7. HP: 43/48 MP: 2/13
  4133 | D:4      | Reached skill level 1 in Unarmed Combat
  4295 | D:5      | Entered Level 5 of the Dungeon
  4304 | D:5      | Reached skill level 1 in Shields
  4829 | D:5      | Reached XP level 8. HP: 40/56 MP: 8/15
  5395 | D:5      | Found Lelytsi's Assorted Antiques.
  5666 | D:6      | Reached skill level 5 in Spellcasting
  5722 | D:6      | Reached ***** piety under Fedhas
  6500 | D:6      | Learned a level 2 spell: Blink
  6661 | D:7      | Found Geot's Magic Scroll Shop.
  7015 | D:7      | Reached XP level 9. HP: 42/61 MP: 2/18
  7301 | D:7      | Noticed Harold
  7360 | D:7      | Killed Harold
  7361 | D:7      | Reached skill level 5 in Conjurations
  7468 | D:7      | Found a staircase to the Ecumenical Temple.
  7513 | D:7      | Found Ewentec's Jewellery Boutique.
  8188 | D:8      | Reached skill level 1 in Translocations
  8720 | D:7      | Gained mutation: You regenerate magic rapidly. [demonic
                  | ancestry]
  8720 | D:7      | Reached XP level 10. HP: 70/70 MP: 14/19
  9411 | D:9      | Learned a level 1 spell: Apportation
  9416 | D:9      | Learned a level 4 spell: Sticky Flame
 10240 | D:9      | Reached skill level 1 in Armour
 10632 | D:9      | Noticed Psyche
 10644 | D:9      | Killed Psyche
 10988 | D:10     | Entered Level 10 of the Dungeon
 11268 | D:10     | Noticed a two-headed ogre
 11283 | D:10     | Killed a two-headed ogre
 11842 | D:10     | Found Dodenes's Magic Scroll Emporium.
 11892 | D:10     | Reached skill level 5 in Invocations
 11912 | D:10     | Gained mutation: When hurt, damage is shared between your
                  | health and your magic reserves. [demonic ancestry]
 11912 | D:10     | Reached XP level 11. HP: 57/77 MP: 18/23
 11914 | D:10     | Identified the +4 ring mail of the Present {Rampage rPois
                  | Str-4}
 12456 | D:11     | Noticed a two-headed ogre
 12621 | D:11     | Killed a two-headed ogre
 13065 | D:11     | Noticed a green ugly thing
 13331 | D:11     | Noticed a two-headed ogre
 13339 | D:11     | Killed a two-headed ogre
 14182 | D:11     | Found a staircase to the Lair.
 14270 | Lair:1   | Entered Level 1 of the Lair of Beasts
 15162 | Lair:2   | Reached skill level 10 in Spellcasting
 15162 | Lair:2   | Reached skill level 10 in Conjurations
 15582 | Lair:2   | Found a staircase to the Snake Pit.
 15813 | Lair:2   | Reached XP level 12. HP: 50/83 MP: 13/26
 16067 | Lair:3   | Found a staircase to the Shoals.
 16156 | Lair:2   | Quit the game

Illustrated notes

Levels and vault maps discovered:
D:1:      ncdulo_halloftheorcs, layout_rooms, serial_shops,
          nicolae_shop_waterfront, ebering_ecumenical_altar_webs,
          minmay_misc_feat_columns
D:2:      layout_rooms, uniq_sigmund
D:3:      layout_rooms, minmay_pentangle, uniq_robin
D:4:      layout_cave_pools, hex_large, grunt_decor_clamped,
          minmay_fractal_squares_gapless_5
D:5:      layout_basic, serial_curves, eino_curves_03, eino_curves_01,
          eino_curves_02, eino_curves_01, serial_shops,
          nicolae_shop_overgrown_old_shop, hangedman_decor_push,
          nrook_pool_corridor, guppyfry_early_lair_pool
D:6:      layout_loops_ring, corexii_shack, minmay_misc_feat_diagonals
D:7:      layout_cave_pods, minmay_temple_entry_junction, serial_shops, shop,
          nicolae_shop_statue_plus, uniq_harold
D:8:      layout_basic, elyvilon_altar_5, serial_rivers,
          chequers_serial_rivers_micro_c, chequers_serial_rivers_small_a,
          chequers_serial_rivers_large_a, chequers_serial_rivers_room_a
D:9:      layout_basic, serial_curves, eino_curves_04, eino_curves_02,
          eino_curves_02, eino_curves_02, uniq_psyche
D:10:     layout_basic, minmay_shop_grid_forest, chequers_serial_rivers_small_b,
          centaur_isle
D:11:     minmay_the_grid_triangle_9x9_rhombus_full
          [minmay_the_grid_triangle_9x9_dagger,
          minmay_the_grid_triangle_9x9_checkered,
          minmay_the_grid_triangle_9x9_skeleton,
          minmay_the_grid_triangle_9x9_cache,
          minmay_the_grid_triangle_9x9_shrine,
          minmay_the_grid_triangle_9x9_stretched_checkered,
          minmay_the_grid_triangle_9x9_swiss_cheese,
          minmay_the_grid_triangle_9x9_prize_insulated], layout_loops_ring,
          due_lair_maze_entry_diamond, kennysheep_pointless_box, zin_academy
Lair:1:   layout_regular_city, serial_bayou_shore_a, lemuel_fruit_tree
Lair:2:   layout_misc_corridors, minmay_snake_entry_guardpost_large
Lair:3:   layout_roguey, elwin_shoals_entry_rocks

Skill      XL: |  1  2  3  4  5  6  7  8  9 10 11 |
---------------+----------------------------------+-----
Fire Magic     | 3 4 5 6 |  6.0
Dodging        | 2 |  2.0
Stealth        | 2 3 6 7 |  7.0
Conjurations   | 2 3 4 5 7 10 | 10.7
Fighting       | 1 2 3 4 |  4.0
Spellcasting   | 3 4 6 8 10 | 10.6
Invocations    | 1 2 3 5 |  5.0
Unarmed Combat | 1 2 |  2.0
Shields        | 2 4 |  4.0
Translocations | 1 3 |  3.0
Armour         | 2 |  2.0

Action                   |  1- 3 |  4- 6 |  7- 9 | 10-12 || total
-------------------------+-------+-------+-------+-------++-------
Melee: Unarmed           |     1 |       |    32 |       ||    33
       Dagger            |     1 |    29 |    75 |   159 ||   264
       Kick              |       |     1 |    29 |    32 ||    62
 Cast: Foxfire           |    85 |   113 |   200 |   255 ||   653
       Conjure Flame     |       |       |     2 |     3 ||     5
       Sticky Flame      |       |       |       |     9 ||     9
       Apportation       |       |       |       |     3 ||     3
Invok: Wall of Briars    |       |       |       |     1 ||     1
       Overgrow          |       |       |       |     1 ||     1
  Use: Scroll            |       |     1 |     4 |     6 ||    11
       Potion            |       |       |       |     3 ||     3
 Stab: Paralysed         |     1 |    15 |    61 |    82 ||   159
       Sleeping          |       |     1 |     5 |     3 ||     9
Armor: Robe              |     8 |     7 |    21 |       ||    36
       Steam dragon scal |       |       |     6 |    72 ||    78
Dodge: Dodged            |    31 |    27 |    70 |   124 ||   252
Block: Buckler           |       |       |    21 |    59 ||    80
